 Dungeon Crawl Stone Soup version 0.30-b1-2-g02819fbbbe (webtiles) character file.

Game seed: 94956380242950678

16253 Nobody9999 the Cleaver (level 12, -7/95 HPs)
             Began as a Human Berserker on Sept 14, 2023.
             Was an Elder of Trog.
             Mangled by a 15-headed hydra (8 damage)
             ... on level 13 of the Dungeon.
             The game lasted 00:40:00 (15377 turns).

Nobody9999 the Cleaver (Human Berserker)           Turns: 15377, Time: 00:40:01

Health: -7/95      AC: 19    Str: 22    XL:     12   Next: 67%
Magic:  12/12      EV:  9    Int:  9    God:    Trog [****..]
Gold:   843        SH:  0    Dex: 14    Spells: 11/11 levels left

rFire   . . .        q - +0 morningstar
rCold   . . .        (no shield)
rNeg    . . .        c - +1 plate armour of Valour {rCorr Int+2 Stlth+}
rPois   +            k - +0 helmet
rElec   .            (no cloak)
rCorr   +            (no gloves)
SInv    .            R - +0 pair of boots
Will    .....        (no amulet) Stlth
                     p - ring of poison resistance
HPRegen 0.35/turn    (no ring)
MPRegen 0.13/turn

%: no passive effects
@: on berserk cooldown, slowed, very slow
A: no striking features
a: Renounce Religion, Berserk, Trog's Hand, Brothers in Arms


You were on level 13 of the Dungeon.
You worshipped Trog.
Trog was greatly pleased with you.
You visited 1 branch of the dungeon, and saw 13 of its levels.
You also visited: Sewer.

You collected 892 gold pieces.
You spent 49 gold pieces at shops.

Inventory:

Hand Weapons
 a - a +0 hand axe
 g - a +0 vampiric war axe
 q - a +0 morningstar (weapon)
 w - a +0 hand axe of pain
 O - a +3 hand axe
Missiles
 o - 2 throwing nets (quivered)
Armour
 c - the +1 plate armour of Valour (worn) {rCorr Int+2 Stlth+}
   (You acquired it on level 5 of the Dungeon)

   Int:       It affects your intelligence (+2).
   rCorr:     It protects you from acid and corrosion.
   Stlth:     It makes you more stealthy.
 k - a +0 helmet (worn)
 z - a +0 troll leather armour {Pargi}
 L - the +0 scale mail "Tofausev" {*Corrode Dex+3 Slay+2}
   (You found it on level 11 of the Dungeon)

   Dex:       It affects your dexterity (+3).
   Slay:      It affects your accuracy & damage with ranged weapons and melee
   (+2).
   *Corrode:  It may corrode you when you take damage.
 R - a +0 pair of boots (worn)
Jewellery
 b - an amulet of magic regeneration
 p - a ring of poison resistance (left hand)
 J - an amulet of reflection
 V - a ring of ice
 X - a ring of positive energy
Wands
 j - a wand of flame (57)
 r - a wand of charming (13)
 A - a wand of mindburst (13)
 F - a wand of light (5)
 M - a wand of roots (10)
 P - a wand of digging (7)
 Q - a wand of polymorph (5)
Scrolls
 e - 2 scrolls of fear
 f - 2 scrolls of blinking
 h - 2 scrolls of magic mapping
 i - 3 scrolls of vulnerability
 m - 6 scrolls of teleportation
 t - 3 scrolls of butterflies
 u - 4 scrolls of poison
 y - a scroll of immolation
 B - 4 scrolls of enchant armour
 C - a scroll of noise
 N - 3 scrolls of fog
 S - 2 scrolls of amnesia
 U - a scroll of torment
 W - a scroll of identify
Potions
 d - 3 potions of invisibility
 l - 10 potions of curing
 n - a potion of brilliance
 s - 2 potions of mutation
 v - 2 potions of flight
 x - 4 potions of berserk rage
 D - a potion of lignification {unknown}
 E - a potion of degeneration {unknown}
 G - 3 potions of haste
 H - 2 potions of ambrosia {unknown}
 I - 2 potions of attraction {unknown}
 K - 6 potions of heal wounds {unknown}
 T - a potion of magic {unknown}


   Skills:
 + Level 9.2 Fighting
 + Level 13.4 Axes
 + Level 11.5 Armour
 + Level 4.6 Dodging
 + Level 1.5 Stealth


You had 11 spell levels left.
You didn't know any spells.
Your spell library was empty.

Dungeon Overview and Level Annotations

Branches:
Dungeon (13/15)            Temple (0/1) D:5            Lair (0/5) D:11
    Orc (0/2) D:10          Sewer (visited)
 Vaults: D:13-14

Altars:
Ashenzari
Elyvilon
Fedhas
Hepliaklqana
Kikubaaqudgha
Makhleb
Nemelex Xobeh
Okawaru
Trog
Vehumet
The Shining One

Shops:
D:2 :   D:10 [

Annotations:
D:10 1 runed translucent door, discopopstar's ghost, journeyman GrEE
D:13 1 runed translucent door


Message History

You barely miss the 15-headed hydra.
The 15-headed hydra is moderately wounded.
You are no longer berserk.
You are exhausted.
You feel yourself slow down.
Unknown command.
You feel the dreadful sensation subside.
q - a +0 morningstar (weapon)
The 15-headed hydra closely misses you. The 15-headed hydra bites you.
The 15-headed hydra bites you but does no damage. x2
The 15-headed hydra barely misses you.
The 15-headed hydra bites you but does no damage.
The 15-headed hydra closely misses you.
The 15-headed hydra bites you but does no damage.
The 15-headed hydra barely misses you. The 15-headed hydra bites you. x2
The 15-headed hydra bites you! x2
The 15-headed hydra bites you but does no damage.
The 15-headed hydra bites you!
* * * LOW HITPOINT WARNING * * *
You barely miss the 15-headed hydra.
The 15-headed hydra is moderately wounded.
The 15-headed hydra bites you but does no damage.
The 15-headed hydra bites you!
* * * LOW HITPOINT WARNING * * *
The 15-headed hydra barely misses you. The 15-headed hydra bites you.
* * * LOW HITPOINT WARNING * * *
The 15-headed hydra completely misses you.
The 15-headed hydra bites you!
* * * LOW HITPOINT WARNING * * *
The 15-headed hydra bites you but does no damage. x2
The 15-headed hydra barely misses you.
The 15-headed hydra bites you but does no damage.
The 15-headed hydra bites you.
* * * LOW HITPOINT WARNING * * *
The 15-headed hydra closely misses you. x2
The 15-headed hydra bites you but does no damage.
The 15-headed hydra closely misses you.
The 15-headed hydra bites you but does no damage. x6
The 15-headed hydra barely misses you. The 15-headed hydra bites you!
You die...

...##.#....#
#.......##....
######.#....#
####.#.####### #.#....#
#.#.## #.#...#####
##....###### ......#=)"#
#...........
#.#...#QTQ####.#...#.##.#
#....####+#....##.##.##.#
#....###.##........
#D@..# #.##.##.##.#
.....e(.....#.##.##.##.#
..#..####.#.#...........
.... #.#.#.########## ...
#.. ..[ #. ##..### . ..#
...


You could see 2 tengu reavers, a 15-headed hydra, a deep troll earth mage and a
deep elf pyromancer.

Vanquished Creatures
  Kirke (D:12)
  A centaur warrior (D:13)
  A boulder beetle (D:11)
  A tengu warrior (D:13)
  5 two-headed ogres
  4 slime creatures
  An ugly thing (D:12)
  A cyclops (D:13)
  A manticore (D:11)
  A gargoyle (D:10)
  A tengu conjurer (D:13)
  A hornet (D:11)
  3 trolls
  2 wraiths
  A wyvern (D:9)
  7 yaks (D:10)
  4 hogs (D:12)
  A steam dragon (D:8)
  3 vampire mosquitoes (D:11)
  5 acid dragons
  2 water moccasins
  Pargi (Sewer)
  2 ice beasts (D:5)
  2 orc warriors (D:10)
  A black bear (D:5)
  An ogre (D:6)
  12 centaurs
  A phantom (D:4)
  2 kobold brigands
  3 bullfrogs
  2 scorpions
  5 wights (D:9)
  21 killer bees
  An electric eel (D:10)
  2 jellies
  3 orc priests
  A hound (D:7)
  3 iguanas
  Jessica (D:2)
  8 orc wizards
  A mummy (D:6)
  Robin (D:2)
  3 gnolls (D:4)
  7 adders
  A shadow imp (D:5)
  2 white imps
  A worm (D:2)
  3 dart slugs
  34 orcs
  16 bats
  2 endoplasms
  3 giant cockroaches
  10 goblins
  6 hobgoblins
  13 kobolds
  7 quokkas
  5 ball pythons
  4 frilled lizards
  12 rats
250 creatures vanquished.

Notes
Turn   | Place    | Note
-------+----------+-------------------------------------------
     0 | D:1      | Nobody9999 the Human Berserker began the quest for the Orb.
     0 | D:1      | Reached XP level 1. HP: 18/18 MP: 1/1
   180 | D:1      | Reached XP level 2. HP: 24/24 MP: 2/2
   761 | D:2      | Reached XP level 3. HP: 29/29 MP: 3/3
   784 | D:2      | Found an ancient bone altar of Kikubaaqudgha.
   833 | D:2      | Noticed Robin
   842 | D:2      | Reached ** piety under Trog
   843 | D:2      | Killed Robin
   849 | D:2      | Reached XP level 4. HP: 34/36 MP: 4/4
   936 | D:2      | Reached skill level 4 in Axes
  1030 | D:2      | Found a faded altar of an unknown god.
  1249 | D:2      | Noticed Jessica
  1257 | D:2      | Killed Jessica
  1258 | D:2      | Reached XP level 5. HP: 42/42 MP: 5/5
  1306 | D:2      | Found Jut Piwn's Book Emporium.
  1653 | D:3      | Found a blossoming altar of Fedhas.
  1722 | D:3      | Identified the +2 ring mail of the Game of Life {rElec
                  | rPois rN+++ Str-5}
  2017 | D:3      | Found a broken altar of Ashenzari.
  2237 | D:3      | Reached XP level 6. HP: 41/48 MP: 6/6
  2775 | D:4      | Reached *** piety under Trog
  3117 | D:4      | Reached skill level 5 in Axes
  3545 | D:4      | Reached XP level 7. HP: 51/54 MP: 7/7
  3658 | D:5      | Entered Level 5 of the Dungeon
  3660 | D:5      | Found a staircase to the Ecumenical Temple.
  4322 | D:5      | Noticed a water moccasin
  4323 | D:5      | You fall into a shaft and drop 2 floors!
  4330 | D:7      | Reached XP level 8. HP: 61/61 MP: 8/8
  4334 | D:7      | Reached skill level 6 in Axes
  4394 | D:6      | Found a glowing drain.
  4403 | Sewer    | Entered a sewer
  4454 | Sewer    | Noticed Pargi
  4486 | Sewer    | Killed Pargi
  4692 | D:6      | Reached skill level 5 in Armour
  4790 | D:6      | Reached skill level 5 in Fighting
  5196 | D:6      | Reached skill level 7 in Axes
  5729 | D:5      | Reached XP level 9. HP: 23/68 MP: 9/9
  6028 | D:5      | Identified a scroll of acquirement
  6028 | D:5      | Acquired the +1 plate armour of Valour {rCorr Int+2 Stlth+}
  6925 | D:8      | Reached **** piety under Trog
  6934 | D:8      | Reached skill level 1 in Stealth
  7237 | D:8      | Reached skill level 8 in Axes
  8242 | D:9      | Noticed a two-headed ogre
  8254 | D:9      | Killed a two-headed ogre
  8255 | D:9      | Reached XP level 10. HP: 47/76 MP: 10/10
  8418 | D:9      | Reached skill level 9 in Axes
  9209 | D:9      | Reached skill level 10 in Axes
  9581 | D:10     | Entered Level 10 of the Dungeon
  9685 | D:10     | Found a glowing golden altar of the Shining One.
  9690 | D:10     | Found a burning altar of Makhleb.
  9694 | D:10     | Found a sparkling altar of Nemelex Xobeh.
  9695 | D:10     | Found an iron altar of Okawaru.
  9696 | D:10     | Found a bloodstained altar of Trog.
  9698 | D:10     | Found a hazy altar of Hepliaklqana.
  9851 | D:10     | Found a runed translucent door.
  9851 | D:10     | Noticed discopopstar's ghost (journeyman GrEE)
  9906 | D:10     | Noticed a gargoyle
  9918 | D:10     | Killed a gargoyle
 10096 | D:10     | Found Astrurawn's Armour Emporium.
 10096 | D:10     | Found a staircase to the Orcish Mines.
 10245 | D:10     | Bought a +0 pair of boots for 49 gold pieces
 10498 | D:10     | Reached skill level 11 in Axes
 10498 | D:10     | Reached XP level 11. HP: 35/84 MP: 11/11
 10734 | D:10     | Found a white marble altar of Elyvilon.
 10957 | D:10     | Found a radiant altar of Vehumet.
 10971 | D:10     | Noticed a two-headed ogre
 10983 | D:10     | Killed a two-headed ogre
 11642 | D:11     | Noticed a boulder beetle
 11660 | D:11     | Killed a boulder beetle
 11907 | D:11     | Reached skill level 10 in Armour
 11946 | D:11     | Noticed a manticore
 11964 | D:11     | Killed a manticore
 12069 | D:11     | Found a staircase to the Lair.
 12294 | D:11     | Identified the +0 scale mail "Tofausev" {*Corrode Dex+3
                  | Slay+2}
 12363 | D:11     | Paralysed by a hornet for 2 turns
 13381 | D:12     | Noticed Kirke
 13392 | D:12     | Reached skill level 12 in Axes
 13397 | D:12     | Killed Kirke
 13398 | D:12     | Reached XP level 12. HP: 94/94 MP: 12/12
 13877 | D:12     | Noticed a two-headed ogre
 13893 | D:12     | Killed a two-headed ogre
 14544 | D:12     | Noticed a two-headed ogre
 14550 | D:12     | Killed a two-headed ogre
 15043 | D:13     | Noticed a centaur warrior
 15064 | D:13     | Killed a centaur warrior
 15065 | D:13     | Reached skill level 13 in Axes
 15073 | D:13     | Noticed a two-headed ogre
 15081 | D:13     | Killed a two-headed ogre
 15162 | D:13     | Noticed a tengu warrior
 15184 | D:13     | Killed a tengu warrior
 15321 | D:13     | Noticed an eight-headed hydra
 15359 | D:13     | Found a runed translucent door.
 15359 | D:13     | Noticed a tengu reaver
 15359 | D:13     | Noticed a deep troll earth mage
 15359 | D:13     | Noticed a tengu reaver
 15377 | D:13     | HP: 4/95 [15-headed hydra (11)]
 15377 | D:13     | HP: 1/95 [15-headed hydra (3)]
 15377 | D:13     | Mangled by a 15-headed hydra

Illustrated notes

Levels and vault maps discovered:
D:1:      dpeg_arrival_long_road, layout_loops_cross
D:2:      layout_loops_ring, shapermc_ecumenical_altar_venn, serial_shops,
          nicolae_shop_hallway_plus, basic_altar, dk_noncrumbling_3, hex_medium,
          uniq_jessica, uniq_robin
D:3:      layout_loops_ring, mainiacjoe_overflow_brackets,
          overflow_temple_1_default, minmay_vboxes
D:4:      layout_loops_corners
D:5:      layout_basic, minmay_temple_entry_purple_smoke
D:6:      layout_basic, gup_ossuary_entry_pyramid, portal_sewer_entry_d
D:7:      layout_cave_pools
D:8:      layout_basic, chequers_serial_rivers_marsh
D:9:      layout_basic
D:10:     layout_layer_cave, minitemple, nicolae_elyvilon_temple_path,
          vehumet_altar_wand_db, orc_david_3, ebering_ghost_reflecting_pool,
          minmay_diced_spiral
D:11:     layout_loops_ring, lair_entry_dummy
D:12:     layout_stronghold, uniq_kirke
D:13:     layout_loops_cross, kennysheep_treasure_room

Skill      XL: |  1  2  3  4  5  6  7  8  9 10 11 12 |
---------------+-------------------------------------+-----
Axes           | 4 5 7 8 11 12 13 | 13.4
Armour         | 3 4 5 7 8 10 11 | 11.5
Dodging        | 3 4 |  4.6
Fighting       | 4 5 6 7 8 9 |  9.2
Stealth        | 1 |  1.5

Action                     |  1- 3 |  4- 6 |  7- 9 | 10-12 || total
---------------------------+-------+-------+-------+-------++-------
  Melee: Hand axe          |    87 |   216 |       |       ||   303
         Punch             |       |     1 |     3 |    10 ||    14
         War axe           |       |       |   343 |   556 ||   899
         Morningstar       |       |       |       |     1 ||     1
 Invoke: Berserk           |     1 |     2 |     3 |    13 ||    19
    Use: Scroll            |       |       |    17 |     5 ||    22
 Armour: Animal skin       |     4 |       |       |       ||     4
         Ring mail         |    48 |    12 |       |       ||    60
         Scale mail        |       |    79 |   133 |       ||   212
         Plate armour      |       |       |   142 |   503 ||   645
  Dodge: Dodged            |    86 |   149 |   255 |   322 ||   812
